 Dungeon Crawl Stone Soup version 0.32-a0-485-g70f7560b1c (webtiles) character file.

Game seed: 4477107848355227464

58 Dittersdorf the Shield-Bearer (level 4, -3/29 HPs)
             Began as a Gargoyle Fighter on Feb 26, 2024.
             Killed from afar by an orc wizard (9 damage)
             ... with a magic dart
             ... on level 3 of the Dungeon.
             The game lasted 00:01:04 (1092 turns).

Dittersdorf the Shield-Bearer (Gargoyle Fighter)    Turns: 1092, Time: 00:01:04

Health: -3/29      AC: 10    Str: 21    XL:     4   Next: 2%
Magic:  4/4        EV:  9    Int:  9    God:
Gold:   112        SH:  4    Dex:  9    Spells: 3/3 levels left

rFire   . . .        a - +0 flail
rCold   . . .        c - +0 buckler
rNeg    + . .        b - +0 scale mail
rPois   ∞            (no helmet)
rElec   +            (no cloak)
rCorr   .            (no gloves)
SInv    .            (no boots)
Will    .....        (no amulet) Stlth
                     (no ring)
HPRegen 0.24/turn    (no ring)
MPRegen 0.09/turn

%: no passive effects
@: no status effects
A: sickness immunity, AC +3, negative energy resistance 1, electricity
resistance, torment resistance 1, petrification resistance
a: no special abilities


You were on level 3 of the Dungeon.
You visited 1 branch of the dungeon, and saw 3 of its levels.

You collected 112 gold pieces.

Inventory:

Hand Weapons
 a - a +0 flail (weapon)
Armour
 b - a +0 scale mail (worn)
 c - a +0 buckler (worn)
Scrolls
 h - 3 scrolls of enchant weapon {unknown}
 i - a scroll of immolation {unknown}
Potions
 d - a potion of might
 e - 3 potions of resistance {unknown}
 f - 2 potions of curing {unknown}
 g - 2 potions of haste {unknown}
 j - a potion of lignification {unknown}


   Skills:
 + Level 3.8 Fighting
 + Level 2.7 Maces & Flails
 + Level 3.8 Armour
 + Level 3.8 Shields


You had 3 spell levels left.
You didn't know any spells.
Your spell library contained the following spells:

 Spells                   Type           Power      Damage    Failure   Level
 Magic Dart               Conj           0%         1d3       80%         1
 Slow                     Hex            0%         N/A       80%         1
 Searing Ray              Conj           0%         2d4       90%         2
 Volatile Blastmotes      Fire/Tloc      0%         2d10      99%         3
 Fulminant Prism          Conj/Alch      0%         3d5       100%        4
 Iskenderun's Mystic Bla  Conj/Tloc      0%         2d3       100%        4
 Petrify                  Alch/Erth      0%         N/A       100%        4
 Iskenderun's Battlesphe  Conj           0%         2d6       100%        5
 Bombard                  Conj/Erth      0%         9d1       100%        6
 Spellforged Servitor     Conj/Summ      0%         N/A       100%        7


Dungeon Overview and Level Annotations

Branches:
Dungeon (3/15)

Altars:

Shops:
D:2 ?


Innate Abilities, Weirdness & Mutations

You are immune to sickness and miasma.
Your stone body is resilient. (AC +3)
You are immune to poison.
You resist negative energy. (rN+)
You are resistant to electric shocks. (rElec)
You are resistant to unholy torment.
You are immune to petrification.


Message History

You barely miss the orc.
The orc is almost dead.
You block the orc's attack.
You closely miss the orc.
The orc is almost dead.
The orc hits you with a +0 short sword.
You hit the orc but do no damage.
The orc is almost dead.
The orc hits you but does no damage.
You completely miss the orc wizard. You closely miss the orc wizard.
The orc wizard hits you but does no damage. x2
You closely miss the orc wizard.
The orc wizard hits you but does no damage.
You hit the orc wizard.
The orc wizard is moderately wounded.
The orc wizard hits you but does no damage.
You hit the orc wizard but do no damage.
The orc wizard is moderately wounded.
The orc wizard gestures wildly while chanting.
The orc wizard flickers and vanishes!
Deactivating autopickup; reactivate with Ctrl-A.
Something hits you but does no damage.
You miss something. Something hits you but does no damage.
You barely miss something. Something hits you but does no damage.
You closely miss something. Something hits you but does no damage.
Something hits you.
You barely miss something. Something hits you but does no damage.
You closely miss something. Something hits you.
You closely miss something. Something hits you but does no damage.
You hear some strange, mumbled words.
A magic dart appears from out of thin air!
The magic dart hits you!
* * * LOW HITPOINT WARNING * * *
You closely miss something. Something hits you but does no damage.
You closely miss something.
You hear some strange, mumbled words.
A magic dart appears from out of thin air!
The magic dart hits you!
You die...

#.........# #.#
#.######### #.# #.#
#.# ### #.# #.# #..
##.# #.# #.# #..#
##)## #.# #.##
##.>.###.# #.#
#####.###.##.# #.#
#oo{@.# #...<# #.#
######.###.###.####
#.#
#.......[..†..##
#.#
##.####.#####.##
#.###.#)# #.# #.#
#....###o...# #.#
#####.# #.... ..#
#........ ..#
........ ...#


You could see 2 orcs.

Vanquished Creatures
  An orc wizard (D:3)
  2 dart slugs (D:2)
  An orc (D:3)
  6 ball pythons
  3 endoplasms
  2 giant cockroaches
  2 goblins (D:2)
  2 hobgoblins
  4 kobolds
  4 bats
  2 rats
29 creatures vanquished.

Notes
Turn   | Place    | Note
-------+----------+-------------------------------------------
     0 | D:1      | Dittersdorf the Gargoyle Fighter began the quest for the
                  | Orb.
     0 | D:1      | Reached XP level 1. HP: 14/14 MP: 1/1
   149 | D:1      | Reached XP level 2. HP: 18/19 MP: 2/2
   592 | D:2      | Found Hiuff's Magic Scroll Shoppe.
   616 | D:2      | Reached XP level 3. HP: 22/23 MP: 3/3
   635 | D:2      | Got the Incunable of Destiny and the Panacea
  1048 | D:3      | Reached XP level 4. HP: 21/29 MP: 4/4
  1092 | D:3      | Killed from afar by an orc wizard

Illustrated notes

Levels and vault maps discovered:
D:1:      scummos_arrival_checkerplants, layout_rooms, item_on_display_b
D:2:      layout_basic, serial_shops, shop
D:3:      layout_loops_ring, chei_slow_surprise

Action                     |  1- 3 |  4- 6 || total
---------------------------+-------+-------++-------
  Melee: Flail             |    89 |    25 ||   114
 Armour: Scale mail        |    66 |    39 ||   105
  Dodge: Dodged            |    44 |     6 ||    50
  Block: Buckler           |    16 |     3 ||    19

Table legend: (Time is in decaauts)
 A = Elapsed time spent in this place.
 B = Non-inter-level travel time spent in this place.
 C = Inter-level travel time spent in this place.
 D = Time resting spent in this place.
 E = Time spent auto-exploring this place.
 F = Levels seen in this place.
 G = Mean time per level.
                   A        B        C        D        E       F      G
               +--------+--------+--------+--------+--------+-----+--------+
         Total |   1126 |   1106 |     20 |      0 |    842 |   3 |  375.3 |
       Dungeon |   1126 |   1106 |     20 |      0 |    842 |   3 |  375.3 |
               +--------+--------+--------+--------+--------+-----+--------+

Top non-repeatable levels by time:
     D:2: 553 daAuts
     D:1: 440 daAuts
     D:3: 132 daAuts
